 Dungeon Crawl Stone Soup version 0.28-a0-1387-g3a22ab9bdc (webtiles) character file.

Game seed: 13643544252548540396

186 gimp the Poker (level 5, -1/40 HPs)
             Began as a Djinni Wanderer on Jan 2, 2022.
             Slain by a phantom (6 damage)
             ... on level 4 of the Dungeon.
             The game lasted 00:04:10 (3204 turns).

gimp the Poker (Djinni Wanderer)                    Turns: 3204, Time: 00:04:11

Health: -1/40      AC:  4    Str: 15    XL:     5   Next: 97%
Gold:   91         EV: 12    Int: 12    God:
                   SH:  0    Dex: 12

rFire   + + .      SeeInvis +   a - +1 spear
rCold   x . .      Faith    .   (no shield)
rNeg    . . .      Spirit   .   d - +1 robe {Will+}
rPois   ∞          Reflect  .   (no helmet)
rElec   .          Harm     .   (no cloak)
rCorr   .          Rampage  .   n - +0 pair of gloves
Will    +....                   (boots unavailable)
Stlth   +.........              (no amulet)
HPRegen 0.13/turn               j - ring of see invisible
MPRegen 0.00/turn               (no ring)

@: flying
A: sickness immunity, fire resistance 2, cold vulnerability 1, float, innate
caster, hp casting, extra vitality 1, wild magic 1
a: no special abilities


You were on level 4 of the Dungeon.
You visited 1 branch of the dungeon, and saw 5 of its levels.

You collected 91 gold pieces.

Inventory:

Hand Weapons
 a - a +1 spear (weapon)
 b - a +0 trident
Missiles
 m - 17 poisoned darts
Armour
 d - a +1 robe of willpower (worn)
 e - a +0 leather armour
 n - a +0 pair of gloves (worn)
Jewellery
 j - a ring of see invisible (left hand)
Scrolls
 c - a scroll of enchant weapon {unknown}
 f - 3 scrolls of teleportation {unknown}
 g - a scroll of fog {unknown}
 i - a scroll of torment {unknown}
 l - a scroll of holy word {unknown}


   Skills:
 - Level 3.0 Fighting
 * Level 4.0 Polearms
 + Level 1.6 Dodging
 - Level 3.2 Spellcasting
 - Level 1.0 Evocations


You couldn't memorise any spells.
You knew the following spells:

 Your Spells              Type           Power      Damage    Failure   Level
a - Apportation           Tloc           24%        N/A       10%         1
b - Blink                 Tloc           24%        N/A       14%         2
c - Passage of Golubria   Tloc           12%        N/A       61%         4
d - Freeze                Ice            48%        1d7       10%         1
e - Ensorcelled Hibernat  Hex/Ice        24%        N/A       14%         2

Your spell library contained the following spells:

 Spells                   Type           Power      Damage    Failure   Level


Dungeon Overview and Level Annotations

Branches:
Dungeon (5/15)
 Temple: D:4-7

Altars:

Annotations:
D:2 Sigmund
D:3 Natasha
D:4 Menkaure


Innate Abilities, Weirdness & Mutations

You are immune to sickness and miasma.
You are immune to poison.
Your flesh is very heat resistant. (rF++)
You are vulnerable to cold. (rC-)
You float through the air rather than walking.
You learn spells naturally, not from books.
Your magical power is your life essence.
You have superior vitality. (+4 MHP)
Your spells are a little harder to cast, but a little more powerful.


Message History

You kill the quokka!
Found a coral ring.
There is a stone staircase leading up here.
You start resting.
A phantom comes into view.
You regained 13 hp, and now have 14/40 hp.
There is a stone staircase leading up here.
You start resting.
A phantom is nearby!
There is a stone staircase leading up here.
Reach: a) +1 spear
Press: ? - help, Dir - move target, f - phantom
Aim: a phantom (about 46% to evade your +1 spear)
You hit the phantom but do no damage. The phantom hits you.
* * * LOW HITPOINT WARNING * * *
You take 5 damage, and have 10/40 hp.
Found a stone staircase leading up.
You see here a smoky white potion.
h - a smoky white potion The phantom hits you.
* * * LOW HITPOINT WARNING * * *
The phantom blinks!
You blink.
You take 5 damage, and have 5/40 hp.
It was a potion of mutation.
You feel extremely strange.
You feel less in control of your magic. The phantom closely misses you.
Found a stone staircase leading down.
There is a stone staircase leading up here.
The phantom closely misses you.
You fly upwards.
Level annotation: Menkaure
There is a stone staircase leading down here.
The phantom misses you.
There is an open door here.
The phantom hits you.
* * * LOW HITPOINT WARNING * * *
You take 3 damage, and have 5/40 hp.
There is a stone staircase leading up here.
The phantom hits you.
You die...

#........+.....#........
#..##..####...##..##....
#..##..####...##.÷##....
#..#...........(........
#..+....................
#..##..#########..##....
#..###+##....###..##....
#...#...#...............
#...#..@#........>......
#...#..W#...............
#...#...#...............
#'###...'...............
#..##..##.##.####+##....
#..##..##+######..##...#
#..................#...#
##+##..............#....
#....###.. ##'##....


You could see a phantom.

Vanquished Creatures
  A scorpion (D:4)
  A hound (D:5)
  A centaur skeleton (D:4)
  A hound skeleton (D:4)
  A gnoll (D:1)
  A worm (D:2)
  2 dart slugs (D:1)
  7 ball pythons
  4 endoplasms (D:1)
  3 giant cockroaches
  6 hobgoblins
  6 jackals
  A quokka (D:5)
  3 bats (D:1)
  A frilled lizard (D:2)
  3 goblins (D:1)
  2 kobolds (D:1)
  5 rats (D:1)
49 creatures vanquished.

Vanquished Creatures (others)
  3 demonic plants (D:1)
  8 toadstools (D:4)
11 creatures vanquished.

Grand Total: 60 creatures vanquished

Notes
Turn   | Place    | Note
-------+----------+-------------------------------------------
     0 | D:1      | gimp the Djinni Wanderer began the quest for the Orb.
     0 | D:1      | Reached XP level 1. HP: 18/18 MP: 0/0
   136 | D:1      | Found a faded altar of an unknown god.
   175 | D:1      | Reached XP level 2. HP: 22/23 MP: 0/0
   184 | D:1      | Reached skill level 2 in Polearms
   556 | D:1      | Reached XP level 3. HP: 29/29 MP: 0/0
   556 | D:1      | Learned a level 1 spell: Freeze
   979 | D:2      | Noticed Sigmund
  1720 | D:1      | Reached XP level 4. HP: 19/34 MP: 0/0
  2159 | D:2      | Reached skill level 3 in Polearms
  2342 | D:3      | Noticed Natasha
  2849 | D:4      | Noticed a scorpion
  2859 | D:4      | Killed a scorpion
  2860 | D:4      | Reached skill level 1 in Dodging
  2860 | D:4      | Reached XP level 5. HP: 37/40 MP: 0/0
  2860 | D:4      | Learned a level 2 spell: Ensorcelled Hibernation
  3030 | D:4      | Noticed Menkaure
  3049 | D:5      | Entered Level 5 of the Dungeon
  3062 | D:5      | Reached skill level 4 in Polearms
  3064 | D:5      | HP: 1/40 [quokka (3)]
  3162 | D:5      | Noticed a phantom
  3183 | D:5      | Gained mutation: Your spells are a little harder to cast,
                  | but a little more powerful. [potion of mutation]
  3204 | D:4      | Slain by a phantom

Illustrated notes

Levels and vault maps discovered:
D:1:      dpeg_arrival_connections, layout_basic, shapermc_ecumenical_altar_gd,
          patterned_corridor
D:2:      layout_loops_cross, serial_shops, nicolae_shop_advertising_works
          [nicolae_subvault_shop_adworks], uniq_robin, uniq_sigmund
D:3:      layout_basic, mainiacjoe_overflow_tiny_flanked,
          minmay_misc_feat_square, uniq_natasha
D:4:      cheibrodos_fertilizer, layout_gridville, uniq_menkaure
D:5:      cheibrodos_helix_gallery, layout_layer_cave, kennysheep_path_1,
          kennysheep_generic_room_7

Skill      XL: |  1  2  3  4  5 |
---------------+----------------+-----
Polearms       | 2 3 4 |  4.0
Fighting       | 3 |  3.0
Dodging        | 1 |  1.6
Spellcasting   | |  3.2
Evocations     | |  1.0

Action                   |  1- 3 |  4- 6 || total
-------------------------+-------+-------++-------
Melee: Spear             |   117 |    93 ||   210
  Use: Potion            |       |     4 ||     4
 Stab: Sleeping          |     2 |       ||     2
Armor: Leather armour    |    16 |       ||    16
       Robe              |    12 |    26 ||    38
Dodge: Dodged            |    53 |    66 ||   119

Table legend: (Time is in decaauts)
 A = Elapsed time spent in this place.
 B = Non-inter-level travel time spent in this place.
 C = Inter-level travel time spent in this place.
 D = Time resting spent in this place.
 E = Time spent auto-exploring this place.
 F = Levels seen in this place.
 G = Mean time per level.
                   A        B        C        D        E       F      G
               +--------+--------+--------+--------+--------+-----+--------+
         Total |   3197 |   3116 |     81 |    861 |   1653 |   5 |  639.4 |
       Dungeon |   3197 |   3116 |     81 |    861 |   1653 |   5 |  639.4 |
               +--------+--------+--------+--------+--------+-----+--------+

Top non-repeatable levels by time:
     D:1: 1655 daAuts
     D:4: 703 daAuts
     D:2: 616 daAuts
     D:5: 140 daAuts
     D:3: 81 daAuts
